AoeStats
← AgusKing

MegaRandom

506506817Analyzed
4v4 RM · 19d ago on Sep 13, 2026· 49m 38s· 8 players
Game mode
Random Map
Map size
Large (8 player)
Population
200
Speed
Normal
Resources
Standard
Victory
Conquest
Starting age
Dark Age
Ending age
Imperial Age
RankedLock teamsTeams togetherTeam positionsShared explorationLock speedFull tech treeHidden civsTurbo modeCheats
Victory
Defeat
🇺🇸 Persians · United States
873
+13
🇬🇧 Maya · United Kingdom
851
+13
🇫🇷 Malay · France
787
+16
🇲🇽 Berbers · Mexico
727
+19
🇧🇷 Vietnamese · Brazil
821
-16
🇨🇳 Spanish · China
816
-16
🇹🇷 Poles · Türkiye
775
-15
🇹🇷 Japanese · Türkiye
753
-14
massanka21
10:24 Loom
12:58 Feudal Age
13:32 Double-Bit Axe
13:30 Horse Collar
15:48 Wheelbarrow
22:04 Castle Age
22:06 Padded Archer Armor
21:57 Fletching
22:05 Stone Mining
23:10 Heavy Plow
23:28 Bodkin Arrow
23:00 Crossbowman
27:28 Pikeman
28:09 Squires
28:11 Scale Mail Armor
28:21 Forging
30:25 Bow Saw
31:37 Leather Archer Armor
31:59 Iron Casting
32:10 Chain Mail Armor
32:11 Elite Skirmisher
32:57 Thumb Ring
36:12 Masonry
35:43 Treadmill Crane
37:14 Hand Cart
36:46 Town Watch
42:20 Imperial Age
42:41 Caravan
42:26 Arbalester
42:28 Imperial Skirmisher
44:45 Conscription
44:50 Bracer
46:08 Ring Archer Armor
45:37 Guard Tower
45:33 Arrowslits
46:09 Ballistics
45:45 Murder Holes
46:02 Fortified Wall
passoswalli
13:15 Feudal Age
20:53 Castle Age
20:51 Double-Bit Axe
20:48 Horse Collar
22:22 Bow Saw
22:14 Heavy Plow
34:30 Wheelbarrow
34:34 Fletching
35:12 Ballistics
35:22 Bodkin Arrow
36:44 Hand Cart
37:16 Padded Archer Armor
38:26 Gold Mining
39:24 Fortified Wall
40:43 Leather Archer Armor
43:24 Imperial Age
42:17 Loom
43:28 Scale Mail Armor
44:14 Bracer
44:34 Chain Mail Armor
44:49 Ring Archer Armor
44:58 Ring Archer Armor
46:29 Chemistry
45:25 Murder Holes
46:47 Caravan
47:18 Coinage
TANRIM-AFFET
6:58 Loom
10:06 Feudal Age
13:41 Double-Bit Axe
14:48 Scale Mail Armor
16:03 Man-at-Arms
18:32 Forging
23:02 Castle Age
23:13 Elite Skirmisher
23:35 Long Swordsman
27:59 Bow Saw
31:59 Horse Collar
35:44 Town Watch
37:14 Scale Barding Armor
37:46 Iron Casting
38:20 Wheelbarrow
40:43 Imperial Age
38:43 Bloodlines
38:36 Gold Mining
39:51 Hand Cart
40:27 Szlachta Privileges
41:47 Chain Barding Armor
41:34 Husbandry
41:36 Two-Handed Swordsman
42:26 Cavalier
42:40 Champion
44:24 Light Cavalry
45:16 Pikeman
杰哥真棒
10:52 Feudal Age
16:17 Double-Bit Axe
19:08 Castle Age
17:45 Stone Mining
19:02 Horse Collar
22:44 Bow Saw
22:43 Heavy Plow
24:40 Loom
29:17 Heavy Plow
29:50 Fletching
34:36 Padded Archer Armor
34:32 Bodkin Arrow
45:29 Imperial Age
45:47 Elite Conquistador
AgusKing
7:23 Loom
12:06 Feudal Age
15:30 Man-at-Arms
16:09 Arson
17:25 Double-Bit Axe
17:25 Horse Collar
22:52 Wheelbarrow
25:19 Castle Age
24:43 Fletching
28:04 Husbandry
28:58 Bodkin Arrow
29:14 Forging
29:46 Bloodlines
30:47 Wheelbarrow
33:27 Iron Casting
34:10 Ballistics
34:03 Town Watch
36:07 Padded Archer Armor
37:38 Thumb Ring
38:11 Hand Cart
39:35 Town Patrol
40:49 Light Cavalry
41:48 Leather Archer Armor
45:00 Murder Holes
46:09 Kasbah
51:39 Imperial Age
Chevalierpersan
0:35 Loom
10:07 Feudal Age
11:19 Wheelbarrow
10:30 Town Watch
10:45 Double-Bit Axe
11:40 Gold Mining
12:26 Stone Mining
12:36 Horse Collar
18:30 Fletching
23:50 Castle Age
22:33 Forging
22:24 Scale Mail Armor
23:05 Bloodlines
22:43 Arson
23:44 Scale Barding Armor
24:40 Hand Cart
25:03 Gold Shaft Mining
24:57 Fervor
26:55 Stone Shaft Mining
26:33 Bow Saw
26:57 Town Patrol
29:05 Heavy Plow
32:32 Chain Barding Armor
32:47 Iron Casting
33:56 Chain Mail Armor
33:37 Bodkin Arrow
34:37 Gambesons
41:06 Imperial Age
38:39 Husbandry
39:12 Pikeman
39:52 Squires
41:07 Devotion
40:45 Cavalier
42:02 Plate Barding Armor
42:28 Blast Furnace
41:59 Plate Mail Armor
41:42 Citadels
42:12 Ballistics
41:48 Murder Holes
42:04 Masonry
42:54 Chemistry
42:40 Block Printing
43:00 Theocracy
43:04 Conscription
43:20 Hoardings
42:18 Savar
42:54 Halberdier
44:54 Two-Man Saw
44:36 Crop Rotation
50:03 Faith
50:15 Architecture
49:13 Elite War Elephant
Dykiris
9:19 Feudal Age
16:45 Town Watch
17:22 Man-at-Arms
23:30 Castle Age
26:47 Horse Collar
27:42 Forging
27:22 Fletching
27:32 Padded Archer Armor
27:37 Scale Barding Armor
28:22 Elite Skirmisher
39:15 Iron Casting
38:35 Bodkin Arrow
38:56 Leather Archer Armor
49:11 Imperial Age
47:28 Heavy Plow
48:17 Wheelbarrow
47:43 Town Patrol
49:05 Double-Bit Axe
49:52 Crop Rotation
49:17 Gold Mining
49:17 Stone Mining
Horahlooks
8:30 Loom
11:07 Feudal Age
11:48 Double-Bit Axe
12:55 Scale Mail Armor
21:22 Castle Age
21:46 Forging
21:38 Horse Collar
22:36 Bow Saw
23:08 Chain Mail Armor
24:10 Wheelbarrow
23:31 Eagle Warrior
27:49 Squires
29:05 Padded Archer Armor
28:55 Fletching
31:29 Thumb Ring
31:24 Bodkin Arrow
32:12 Ballistics
32:48 Leather Archer Armor
33:11 Heavy Plow
33:19 Hul'che Javelineers
39:07 Imperial Age
36:52 Hand Cart
36:23 Town Watch
38:37 Gold Mining
38:37 Stone Mining
39:54 Bracer
40:57 Chemistry
39:22 Elite Genitour
40:55 Conscription
43:52 Elite Plumed Archer
48:01 Ring Archer Armor
49:24 Elite Eagle Warrior
Connection lost

Rejoining the realm…

Still unreachable

The connection could not be restored.

Session expired

The server has moved on; the page needs a fresh start.